Map: Echo LE (Void)

Players

Festivus - Winner!

  • Race: Zerg Zerg
  • League: Diamond
  • Spawn Location: 5:00

Musumeci

  • Race: Zerg Zerg
  • League: Diamond
  • Spawn Location: 11:00

VOD

Have the link to the VOD?

Description

Time

  • Played on: Dec. 28, 2016, 4:09 p.m.
  • Length: 7:01
Show
View Real Time Build Order
Export as new Build Order

Festivus Zerg - Winner!

Build Orders: Hatch First 

Get SALT Encoding   

  12  0:01  Drone  
  13  0:12  Overlord  
  13  0:16  Drone  
  14  0:31  Drone x2  
  14  0:34  Drone  
  17  0:58  Drone  
  17  0:59  Drone  
  17  1:03  Extractor  
  18  1:08  Drone  
  18  1:09  Hatchery  
  18  1:16  Spawning Pool  
  17  1:20  Drone  
  18  1:41  Overlord  
  18  1:42  Drone  
  19  2:03  Queen  
  21  2:12  Hatchery  
  21  2:14  Drone x3  
  23  2:20  Metabolic Boost  
  23  2:24  Drone  
  24  2:31  Queen  
  26  2:48  Drone  
  26  2:49  Drone x4  
  31  3:04  Overlord  
  31  3:12  Roach Warren  
  30  3:15  Evolution Chamber  
  30  3:16  Zergling x10  
  34  3:23  Baneling Nest  
  33  3:43  Drone x2  
  33  3:44  Drone x6  
  33  3:45  Zerg Missile Weapons Level 1  
  41  3:57  Overlord x2  
  41  4:15  Queen  
  41  4:16  Zergling x8  
  41  4:17  Zergling x8  
  51  4:36  Drone x7  
  58  4:39  Lair  
  51  4:57  Roach x3  
  51  4:59  Overlord x3  
  57  5:05  Extractor  
  56  5:07  Extractor  
  56  5:09  Overlord x2  
  56  5:10  Drone  
  56  5:11  Drone x2  
  56  5:25  Roach x6  
  66  6:01  Zergling x14  
  66  6:02  Zergling x12  
  79  6:16  Roach x6  
  91  6:27  Baneling x8  
Show
View Real Time Build Order
Export as new Build Order

Musumeci Zerg 

Build Orders: Hatch First 

Get SALT Encoding   

  12  0:07  Drone  
  12  0:08  Drone  
  14  0:16  Overlord  
  14  0:35  Drone x2  
  16  0:40  Drone  
  17  0:53  Hatchery  
  16  1:03  Drone  
  17  1:06  Extractor  
  16  1:15  Spawning Pool  
  15  1:24  Evolution Chamber  
  14  1:26  Drone  
  15  1:38  Drone x3  
  18  1:52  Drone  
  19  2:00  Drone  
  20  2:04  Queen  
  20  2:06  Metabolic Boost  
  22  2:16  Queen  
  22  2:20  Drone  
  25  2:25  Overlord  
  25  2:29  Drone  
  26  2:33  Drone  
  27  2:40  Baneling Nest  
  27  2:43  Drone  
  27  2:46  Drone  
  27  2:48  Drone  
  29  2:51  Drone  
  30  2:58  Drone  
  30  2:59  Drone  
  32  3:14  Overlord  
  33  3:27  Zergling x8  
  36  3:40  Drone  
  36  3:41  Drone x4  
  41  3:44  Hatchery  
  41  3:46  Baneling x2  
  40  3:49  Drone x2  
  40  3:55  Zergling x4  
  43  4:09  Zergling x2  
  44  4:26  Overlord x2  
  44  4:27  Hatchery  
  44  4:30  Lair  
  43  4:34  Extractor  
  38  4:54  Zergling x12  
  38  4:55  Zergling x6  
  47  5:07  Baneling x5  
  47  5:13  Zergling x12  
  52  5:24  Hatchery  
  51  5:33  Spire  
  51  5:34  Extractor  
  49  5:36  Drone x2  
  49  5:37  Drone x7  
  48  6:08  Baneling x2  
  44  6:22  Drone x2, Extractor  
  44  6:23  Drone  
  46  6:32  Zergling x6  
  48  6:33  Zergling x10  
  48  6:36  Zergling x2  
Tags
 
Add a new tag
Caveats
  • Supply blocks, unpowered buildings, or Contaminate may cause inaccurate times.
  • Supply counts are checked every 10 seconds.